 Dungeon Crawl Stone Soup version 0.31-a0-496-g6f97920a28 (webtiles) character file.

Game seed: 8649970578849032386

16 randomguy2701 the Grave Robber (level 2, -1/15 HPs)
             Began as a Deep Elf Necromancer on Aug 9, 2023.
             Slain by a hobgoblin (2 damage)
             ... on level 1 of the Dungeon.
             The game lasted 00:00:16 (38 turns).

randomguy2701 the Grave Robber (Deep Elf Necromancer) Turns: 38, Time: 00:00:17

Health: -1/15      AC:  2    Str:  5    XL:     2   Next: 37%
Magic:  0/8        EV: 12    Int: 19    God:
Gold:   0          SH:  0    Dex: 15    Spells: 6/7 levels left

rFire   . . .        (no weapon)
rCold   . . .        (no shield)
rNeg    . . .        a - +0 robe
rPois   .            (no helmet)
rElec   .            (no cloak)
rCorr   .            (no gloves)
SInv    .            (no boots)
Will    .....        (no amulet)
Stlth   ++           (no ring)
HPRegen 0.22/turn    (no ring)
MPRegen 0.11/turn

%: no passive effects
@: no status effects
A: no striking features
a: no special abilities


You were on level 1 of the Dungeon.
You visited 1 branch of the dungeon, and saw 1 of its levels.

Inventory:

Armour
 a - a +0 robe (worn)
Potions
 b - a potion of magic


   Skills:
 + Level 2.5 Dodging
 + Level 2.5 Stealth
 + Level 3.2 Spellcasting
 + Level 5.4 Necromancy


You had 6 spell levels left.
You knew the following spells:

 Your Spells              Type           Power      Damage    Failure   Level
a - Necrotise             Necr           92%        1d8       1%          1

Your spell library contained the following spells:

 Spells                   Type           Power      Damage    Failure   Level
 Vampiric Draining        Necr           23%        2d7       4%          3
 Animate Dead             Necr           23%        N/A       16%         4
 Agony                    Necr           23%        N/A       41%         5


Dungeon Overview and Level Annotations

Branches:
Dungeon (1/15)

Altars:


Message History

Your kobold skeleton hits the gnoll but does no damage.
The gnoll hits your kobold skeleton with a +0 whip!
Your kobold skeleton hits the gnoll but does no damage.
The gnoll throws a poisoned dart.
The poisoned dart hits your kobold skeleton!
The gnoll throws a poisoned dart.
The poisoned dart hits your kobold skeleton!
Your kobold skeleton misses the gnoll.
The gnoll throws a poisoned dart.
The poisoned dart hits your kobold skeleton!
Your kobold skeleton hits the gnoll but does no damage.
The gnoll hits your kobold skeleton with a +0 whip.
Your kobold skeleton is destroyed!
The gnoll shouts!
Your goblin skeleton crumbles into dust!
Your hobgoblin skeleton hits the gnoll.
The gnoll hits your hobgoblin skeleton with a +0 whip!
Your hobgoblin skeleton is destroyed!
The gnoll writhes in agony.
The gnoll completely misses you.
The gnoll writhes in agony.
You kill the gnoll!
The dead are walking!
The hobgoblin hits you.
You have reached level 2!
You are out of magic!
You are out of magic!
You are out of magic!
You closely miss the hobgoblin. The hobgoblin closely misses you.
A frilled lizard comes into view.
You are out of magic!
You hit the hobgoblin but do no damage.
Your gnoll skeleton barely misses the hobgoblin.
The hobgoblin hits you.
You are too injured to fight recklessly!
You are too injured to fight recklessly!
You are too injured to fight recklessly!
You are too injured to fight recklessly!
Your gnoll skeleton hits the hobgoblin but does no damage.
The hobgoblin hits you.
* * * LOW HITPOINT WARNING * * *
Your gnoll skeleton hits the hobgoblin.
The hobgoblin hits you.
You die...

#.###.##
#...... .....#
# #....###.#
#........#
#........+
#.....|..#
#..@.....#
....#
#lgZ.....#
#.#.#
####.####.###
#.#.# ##..))#
.# ...#
#..###........
..# #.##
.#.##. .. #.#
#.# .. ?. +
##.###.# .#. ?
##>.....# .#.


You could see a hobgoblin (ally target), a frilled lizard and a friendly gnoll
skeleton.

Vanquished Creatures
  A gnoll (D:1)
  A giant cockroach (D:1)
  A goblin (D:1)
  A hobgoblin (D:1)
  A kobold (D:1)
5 creatures vanquished.

Vanquished Creatures (collateral kills)
  A rat (D:1)
1 creature vanquished.

Grand Total: 6 creatures vanquished

Notes
Turn   | Place    | Note
-------+----------+-------------------------------------------
     0 | D:1      | randomguy2701 the Deep Elf Necromancer began the quest for
                  | the Orb.
     0 | D:1      | Reached XP level 1. HP: 10/10 MP: 6/6
    15 | D:1      | Reached skill level 5 in Necromancy
    35 | D:1      | Reached XP level 2. HP: 8/15 MP: 0/8
    38 | D:1      | Slain by a hobgoblin

Illustrated notes

Levels and vault maps discovered:
D:1:      onia_arrival_handbag, layout_basic, minmay_small_reverse_x

Skill      XL: |  1 |
---------------+----+-----
Necromancy     | 5 |  5.4
Dodging        | |  2.5
Stealth        | |  2.5
Spellcasting   | |  3.2

Action                     || total
---------------------------++-------
  Melee: Unarmed           ||     2
   Cast: Necrotise         ||     8
  Dodge: Dodged            ||     4

Table legend: (Time is in decaauts)
 A = Elapsed time spent in this place.
 B = Non-inter-level travel time spent in this place.
 C = Inter-level travel time spent in this place.
 D = Time resting spent in this place.
 E = Time spent auto-exploring this place.
 F = Levels seen in this place.
 G = Mean time per level.
                   A        B        C        D        E       F      G
               +--------+--------+--------+--------+--------+-----+--------+
         Total |     38 |     38 |      0 |      0 |      9 |   1 |   38.0 |
       Dungeon |     38 |     38 |      0 |      0 |      9 |   1 |   38.0 |
               +--------+--------+--------+--------+--------+-----+--------+

Top non-repeatable levels by time:
     D:1: 38 daAuts
